 Dungeon Crawl Stone Soup version 0.30.1-3-gfc49f6343a (webtiles) character file.

Game seed: 7166380231427617807

80456 spardeous the Destroyer (level 14, 0/118 HPs)
             Began as a Demigod Conjurer on Aug 3, 2023.
             Slain by a manticore (10 damage)
             ... on level 13 of the Dungeon on Aug 4, 2023.
             The game lasted 01:19:15 (33886 turns).

spardeous the Destroyer (Demigod Conjurer)         Turns: 33886, Time: 01:19:15

Health: 0/118      AC: 20    Str: 16    XL:     14   Next: 83%
Magic:  3/32       EV: 13    Int: 38    God:
Gold:   581        SH: 15    Dex:  8    Spells: 14/33 levels left

rFire   . . .        M - +6 spear (heavy)
rCold   . . .        E - +0 kite shield
rNeg    + . .        h - +4 scale mail of the Old World {rN+ Regen+ Int+6 Dex-4}
rPois   .            n - +2 helmet
rElec   .            e - +1 cloak
rCorr   .            w - +1 pair of gloves
SInv    .            (no boots)
Will    +....        N - amulet of reflection Stlth
                     U - ring of Asienec {Int+4 Slay+4}
HPRegen 1.19/turn    r - +5 ring of evasion
MPRegen 0.23/turn

%: reflection
@: no status effects
A: high MP 1, forlorn, divine attributes
a: no special abilities


You were on level 13 of the Dungeon.
You visited 3 branches of the dungeon, and saw 20 of its levels.

You collected 2306 gold pieces.
You spent 1725 gold pieces at shops.

Inventory:

Hand Weapons
 M - a +6 heavy spear (weapon)
 W - the +6 long sword of Pain and Death {freeze, rElec}
   (You took it off a tengu warrior on level 13 of the Dungeon)

   rElec:     It insulates you from electricity.
Armour
 a - +0 swamp dragon scales
 e - a +1 cloak (worn)
 h - the +4 scale mail of the Old World (worn) {rN+ Regen+ Int+6 Dex-4}
   (You bought it in a shop on level 2 of the Orcish Mines)

   Int:       It affects your intelligence (+6).
   Dex:       It affects your dexterity (-4).
   rN:        It protects you from negative energy.
   Regen:     It increases your rate of health regeneration.
 n - a +2 helmet (worn)
 v - the +1 robe of Vines {NoPotionHeal Regen++++}
   (You found it on level 8 of the Dungeon)

   NoPotionHeal: Its wearer cannot be healed by potions.
   Regen:     It increases your rate of health regeneration.
 w - a +1 pair of gloves (worn)
 B - the +1 robe of the Apple {rPois MP+9 Int-3}
   (You took it off an orc on level 7 of the Dungeon)

   Int:       It affects your intelligence (-3).
   rPois:     It protects you from poison.
   MP:        It affects your magic capacity (+9).
 E - a +0 kite shield (worn)
 K - a +0 troll leather armour
 S - a +2 robe of the Archmagi
Jewellery
 p - a ring of willpower
 r - a +5 ring of evasion (right hand)
 y - a ring of flight
 F - a ring of willpower
 N - an amulet of reflection (around neck)
 Q - a ring of willpower
 R - a ring of ice
 U - the ring of Asienec (left hand) {Int+4 Slay+4}
   (You bought it in a shop on level 2 of the Orcish Mines)

   [ring of slaying]

   Int:       It affects your intelligence (+4).
   Slay:      It affects your accuracy & damage with ranged weapons and melee
   (+4).
Wands
 x - a wand of quicksilver (3)
 G - a wand of iceblast (1)
 I - a wand of flame (12)
 P - a wand of charming (7)
Scrolls
 c - 7 scrolls of magic mapping
 d - 3 scrolls of immolation
 g - 5 scrolls of teleportation
 j - 5 scrolls of noise
 k - a scroll of amnesia
 m - a scroll of brand weapon
 o - 2 scrolls of fog
 t - 2 scrolls of blinking
 A - a scroll of silence
 C - 3 scrolls of vulnerability
 L - 6 scrolls of poison
 V - a scroll of identify
 X - a scroll of enchant armour
Potions
 f - a potion of degeneration
 i - 4 potions of heal wounds {unknown}
 l - 9 potions of curing
 q - 9 potions of brilliance {unknown}
 s - 4 potions of mutation {unknown}
 u - 3 potions of might
 z - a potion of haste
 D - 3 potions of flight
 H - a potion of lignification
 J - 2 potions of resistance
 O - 2 potions of berserk rage {unknown}
 T - a potion of attraction


   Skills:
 - Level 9.2 Fighting
 + Level 8.9 Polearms
 - Level 9.0 Armour
 - Level 1.7 Dodging
 - Level 1.7 Stealth
 - Level 10.0 Shields
 - Level 10.0 Spellcasting
 - Level 10.0 Conjurations
 - Level 10.0 Translocations
 - Level 3.1 Transmutations
 - Level 3.2 Earth Magic


You had 14 spell levels left.
You knew the following spells:

 Your Spells              Type           Power      Damage    Failure   Level
a - Magic Dart            Conj           100%       1d8       1%          1
b - Searing Ray           Conj           100%       2d8       1%          2
c - Iskenderun's Mystic   Conj/Tloc      76%        2d15      1%          4
d - Iron Shot             Conj/Erth      31%        9d6       78%         6
e - Sting                 Tmut/Pois      100%       1d8       7%          1
i - Iskenderun's Battles  Conj           76%        2d12      6%          5

Your spell library contained the following spells:

 Spells                   Type           Power      Damage    Failure   Level
 Apportation              Tloc           100%       N/A       1%          1
 Dazzling Flash           Conj/Hex       100%       N/A       4%          3
 Volatile Blastmotes      Fire/Tloc      100%       2d18      4%          3
 Mephitic Cloud           Conj/Pois/Air  44%        N/A       10%         3
 Necrotise                Necr           76%        1d7       13%         1
 Summon Small Mammal      Summ           76%        N/A       13%         1
 Fulminant Prism          Conj/Hex       27%        3d13      16%         4
 Poisonous Vapours        Pois/Air       38%        N/A       19%         2
 Ozocubu's Armour         Ice            19%        N/A       36%         3
 Vampiric Draining        Necr           19%        2d7       36%         3
 Animate Armour           Summ/Erth      62%        N/A       54%         4
 Freezing Cloud           Conj/Ice/Air   22%        6-21      65%         5
 Blade Hands              Tmut           21%        N/A       67%         5
 Lee's Rapid Deconstruct  Erth           21%        3d12*     67%         5
 Olgreb's Toxic Radiance  Pois           19%        N/A       77%         4
 Agony                    Necr           19%        N/A       98%         5
 Metabolic Englaciation   Hex/Ice        9%         N/A       98%         5
 Simulacrum               Ice/Necr       9%         N/A       100%        6
 Spellforged Servitor     Conj/Summ      27%        N/A       100%        7


Dungeon Overview and Level Annotations

Branches:
Dungeon (13/15)            Temple (0/1) D:7            Lair (5/5) D:8
  Swamp (0/4) Lair:2        Snake (0/4) Lair:2        Slime (0/5) Lair:5
    Orc (2/2) D:10            Elf (0/3) Orc:2        Vaults (0/5) D:13

Shops:
Orc:2 [(=((

Annotations:
Lair:4 exclusion: 3 oklob plants


Innate Abilities, Weirdness & Mutations

You have an increased reservoir of magic. (+10% MP)
You shall have no god before yourself.
Your divine heritage dramatically boosts your attributes as you level up.


Message History

Okay, then.
Casting: Iskenderun's Mystic Blast (mildly dangerous; 1% risk of failure)
Confirm with . or Enter, or press ? or * to list all spells.
You don't have enough magic to cast this spell.
Unknown command.
Casting: Iskenderun's Mystic Blast (mildly dangerous; 1% risk of failure)
Confirm with . or Enter, or press ? or * to list all spells.
Okay, then.
You closely miss the manticore.
The manticore is heavily wounded.
You block the manticore's attack.
The manticore claws you but does no damage.
You block the manticore's attack. The manticore bites you!
* * * LOW HITPOINT WARNING * * *
The manticore barely misses you. The manticore closely misses you.
You take 6 damage, and have 47/118 hp.
You puncture the manticore!
The manticore is severely wounded.
You block the manticore's attack. The manticore barely misses you.
The manticore claws you but does no damage.
You block the manticore's attack. x2
The manticore claws you but does no damage.
You barely miss the manticore.
The manticore is severely wounded.
The manticore barely misses you. The manticore claws you.
* * * LOW HITPOINT WARNING * * *
The manticore claws you.
* * * LOW HITPOINT WARNING * * *
The manticore completely misses you. The manticore misses you.
You block the manticore's attack. x3
The manticore claws you but does no damage.
You block the manticore's attack. The manticore claws you!
* * * LOW HITPOINT WARNING * * *
The manticore claws you!
* * * LOW HITPOINT WARNING * * *
You take 27 damage, and have 21/118 hp.
MASSIVE DAMAGE!!
It was a potion of curing.
You feel better. The manticore bites you!!
* * * LOW HITPOINT WARNING * * *
The manticore claws you!
You die...

.Hy'##....##'.. #..#
#........# #..#
##........## #..#
######..........########..#
..........⌠⌠..............#
..........H⌠G.............#
######..........########..#
##......).#########).#
#.......)#@.....##..#
..'##....##HH.....##..# ..
##..##........##..# .
#..##........##.)#
#..##........##)(# #
#..##....[.)##)..# ##
#..##......##...## .##
#..#########...##
..########..########...##


You could see 2 manticores.

Vanquished Creatures
  Frances (D:12)
  Donald (Orc:2)
  An ironbound preserver (D:13)
  Nessos (D:13)
  Snorg (Orc:1)
  A great orb of eyes (D:13)
  Fannar (D:12)
  Erolcha (D:9)
  7 boulder beetles
  A rakshasa (D:13)
  2 catoblepae
  A ghost crab (Lair:2)
  3 hydras
  Erica (Lair:1)
  2 two-headed ogres
  3 centaur warriors (D:13)
  2 tengu warriors (D:13)
  9 death yaks
  An orc high priest (Orc:2)
  15 spriggans (Lair:5)
  Sonja (D:10)
  2 skysharks
  5 skeletal warriors (D:12)
  A lindwurm (Lair:5)
  Pikel (D:7)
  A deep elf pyromancer (D:12)
  An orc knight (Orc:2)
  2 oklob plants (Lair:4)
  An orc sorcerer (Orc:1)
  8 cyclopes
  A manticore (D:13)
  4 ugly things
  Maurice (D:9)
  9 elephants
  Joseph (D:7)
  3 black mambas
  4 gargoyles
  A torpor snail (Lair:2)
  10 cane toads
  An unseen horror (D:12)
  Maggie (D:7)
  2 kobold demonologists (D:9)
  3 rime drakes
  An efreet (D:13)
  4 komodo dragons
  A tengu conjurer (D:13)
  5 trolls
  A meliai (D:13)
  A queen bee (D:9)
  11 blink frogs
  5 polar bears
  5 hornets
  3 dream sheep (Lair:5)
  Sigmund (D:5)
  6 slime creatures (D:12)
  2 basilisks (D:8)
  7 wyverns
  3 wraiths
  A vampire (D:10)
  27 yaks
  A spectral komodo dragon (Lair:2)
  A steam dragon (D:9)
  7 vampire mosquitoes
  7 wargs
  2 nagas (Lair:2)
  12 water moccasins
  An acid dragon (D:10)
  39 orc warriors
  6 black bears
  15 wolves (Lair:5)
  6 ogres
  6 boggarts
  16 centaurs
  2 phantoms
  4 kobold brigands
  13 bullfrogs
  2 gnoll sergeants
  5 scorpions
  4 wights (D:10)
  20 killer bees (D:9)
  7 electric eels
  5 howler monkeys
  4 hounds
  A jelly (D:5)
  8 orc priests
  A sleepcap (D:4)
  3 iguanas
  15 orc wizards
  10 gnolls
  12 adders
  3 white imps
  2 ufetubi
  2 worms
  86 orcs
  8 ball pythons
  6 endoplasms
  5 giant cockroaches
  9 goblins
  8 hobgoblins
  2 jackals (D:1)
  20 kobolds
  5 quokkas
  3 bats
  6 frilled lizards
  4 rats
607 creatures vanquished.

Vanquished Creatures (others)
  A deep elf pyromancer (D:13)
  An unseen horror (D:13)
  A centaur simulacrum (D:13)
  An orc wizard (Orc:2)
  An orc (Orc:2)
  A fire vortex (Lair:1)
6 creatures vanquished.

Grand Total: 613 creatures vanquished

Notes
Turn   | Place    | Note
-------+----------+-------------------------------------------
     0 | D:1      | spardeous the Demigod Conjurer began the quest for the Orb.
     0 | D:1      | Reached XP level 1. HP: 14/14 MP: 5/5
   224 | D:1      | Reached XP level 2. HP: 10/20 MP: 1/7
  1035 | D:1      | Noticed a sun demon
  1145 | D:2      | Reached XP level 3. HP: 26/26 MP: 7/9
  2107 | D:3      | Noticed a phantom
  2162 | D:3      | Killed a phantom
  2163 | D:3      | Reached XP level 4. HP: 29/33 MP: 0/11
  2166 | D:3      | Learned a level 2 spell: Searing Ray
  2299 | D:3      | Reached skill level 5 in Conjurations
  2299 | D:3      | Reached XP level 5. HP: 23/38 MP: 4/13
  3183 | D:3      | Learned a level 4 spell: Iskenderun's Mystic Blast
  3437 | D:4      | Noticed an ogre
  3444 | D:4      | Killed an ogre
  3445 | D:4      | Reached XP level 6. HP: 45/45 MP: 7/15
  3953 | D:4      | Reached XP level 7. HP: 50/50 MP: 7/17
  4096 | D:4      | You fall into a shaft and drop 1 floor!
  4096 | D:5      | Entered Level 5 of the Dungeon
  4112 | D:5      | Reached skill level 5 in Spellcasting
  4623 | D:5      | Noticed Sigmund
  4630 | D:5      | Killed Sigmund
  5122 | D:6      | Reached XP level 8. HP: 44/57 MP: 3/20
  6026 | D:6      | Reached skill level 5 in Translocations
  7172 | D:7      | Noticed a hornet
  7179 | D:7      | Killed a hornet
  7181 | D:7      | Noticed Pikel
  7277 | D:7      | Killed Pikel
  7278 | D:7      | Reached XP level 9. HP: 42/62 MP: 4/21
  7696 | D:7      | Found a staircase to the Ecumenical Temple.
  7696 | D:7      | Identified the +1 robe of the Apple {rPois MP+9 Int-3}
  7908 | D:7      | Noticed a +0 dagger
  7910 | D:7      | Noticed a +0 hand axe
  8053 | D:7      | Noticed Joseph
  8063 | D:7      | Killed Joseph
  8268 | D:7      | Noticed Maggie
  8292 | D:7      | Killed Maggie
  8939 | D:8      | Noticed an elephant
  9554 | D:8      | Noticed a five-headed hydra
  9577 | D:8      | Killed a five-headed hydra
  9578 | D:8      | Reached XP level 10. HP: 11/69 MP: 19/25
  9829 | D:8      | Found the +1 robe of Vines {NoPotionHeal Regen++++}
  9890 | D:8      | Found a staircase to the Lair.
 10246 | D:8      | Killed an elephant
 10493 | D:9      | Noticed Maurice
 10506 | D:9      | Killed Maurice
 11158 | D:9      | Reached skill level 10 in Conjurations
 11287 | D:9      | Noticed Erolcha
 11302 | D:9      | Killed Erolcha
 11924 | D:9      | Reached skill level 1 in Shields
 12158 | D:10     | Entered Level 10 of the Dungeon
 12529 | D:10     | Reached XP level 11. HP: 67/74 MP: 22/28
 13283 | D:10     | Noticed Sonja
 13314 | D:10     | Killed Sonja
 13315 | D:10     | Reached skill level 5 in Shields
 13668 | D:10     | Found a staircase to the Orcish Mines.
 14993 | D:12     | Noticed a deep elf pyromancer
 15007 | D:12     | Killed a deep elf pyromancer
 15395 | D:12     | Noticed a boulder beetle
 15507 | D:12     | Noticed a skeletal warrior
 15508 | D:12     | Noticed a skeletal warrior
 15522 | D:12     | Noticed a skeletal warrior
 15540 | D:12     | Noticed a skeletal warrior
 15662 | D:12     | Reached skill level 1 in Fighting
 15905 | D:12     | Noticed a two-headed ogre
 15913 | D:12     | Killed a two-headed ogre
 16378 | D:12     | Noticed Fannar
 16394 | D:12     | Killed Fannar
 16905 | D:11     | Killed a boulder beetle
 16906 | D:11     | Reached XP level 12. HP: 91/91 MP: 12/30
 17725 | D:12     | Noticed Frances
 17735 | D:12     | Killed Frances
 17736 | D:12     | Reached skill level 5 in Fighting
 18989 | D:12     | Reached skill level 10 in Shields
 19386 | Lair:1   | Entered Level 1 of the Lair of Beasts
 19493 | Lair:1   | Noticed Erica
 19505 | Lair:1   | Killed Erica
 19506 | Lair:1   | Reached skill level 10 in Spellcasting
 20747 | Lair:1   | Learned a level 6 spell: Iron Shot
 20929 | Lair:2   | Found a staircase to the Snake Pit.
 20972 | Lair:2   | Reached skill level 1 in Armour
 21503 | Lair:2   | Noticed a ghost crab
 21802 | Lair:2   | Killed a ghost crab
 21959 | Lair:2   | Found a staircase to the Swamp.
 22252 | Lair:3   | Reached skill level 10 in Translocations
 22326 | Lair:3   | Learned a level 1 spell: Sting
 22467 | Lair:3   | Reached skill level 1 in Transmutations
 22490 | Lair:3   | Reached skill level 1 in Earth Magic
 22622 | Lair:3   | Reached XP level 13. HP: 77/102 MP: 1/31
 24031 | Lair:4   | Identified the +2 robe of Compassion {rPois}
 24420 | Lair:4   | Reached skill level 5 in Armour
 24565 | Lair:4   | Reached skill level 1 in Polearms
 25450 | Lair:5   | Entered Level 5 of the Lair of Beasts
 25977 | Lair:5   | Reached skill level 5 in Polearms
 28032 | Lair:5   | Learned a level 5 spell: Iskenderun's Battlesphere
 28124 | Lair:5   | Found a staircase to the Slime Pits.
 28323 | Lair:5   | Reached XP level 14. HP: 108/108 MP: 7/32
 29712 | Orc:1    | Entered Level 1 of the Orcish Mines
 29717 | Orc:1    | Noticed Snorg
 29727 | Orc:1    | Killed Snorg
 30218 | Orc:2    | Entered Level 2 of the Orcish Mines
 30690 | Orc:2    | Noticed Donald
 30710 | Orc:2    | Killed Donald
 30868 | Orc:2    | Found Duhatin's Jewellery Shop.
 30868 | Orc:2    | Found Neoss's Antique Weapon Emporium.
 30870 | Orc:2    | Found Lozufy's Antique Armour Shoppe.
 30872 | Orc:2    | Found Moedoet's Antique Weapon Boutique.
 31066 | Orc:2    | Found a staircase to the Elven Halls.
 31187 | Orc:2    | Found Lutab's Weapon Boutique.
 31445 | Orc:2    | Bought an embroidered cloak for 232 gold pieces
 31458 | Orc:2    | Bought a scorched scale mail for 279 gold pieces
 31458 | Orc:2    | Identified the +4 scale mail of the Old World {rN+ Regen+
                  | Int+6 Dex-4} (You bought it in a shop on level 2 of the
                  | Orcish Mines)
 32212 | Orc:2    | Bought the ring of Asienec {Int+4 Slay+4} for 1214 gold
                  | pieces
 32349 | D:13     | Noticed Nessos
 32356 | D:13     | Killed Nessos
 32921 | D:13     | Found a gate to the Vaults.
 32921 | D:13     | Noticed an ironbound preserver
 32932 | D:13     | Killed an ironbound preserver
 33270 | D:13     | Identified the +6 long sword of Pain and Death {freeze,
                  | rElec}
 33886 | D:13     | Slain by a manticore

Illustrated notes

Levels and vault maps discovered:
D:1:      moated_graveyard_arrival, layout_rooms,
          dreamdust_ecumenical_altar_sealed_demon
D:2:      layout_basic, serial_forest, infiniplex_forest_straight_2,
          infiniplex_forest_clump_double, infiniplex_forest_clump_curved,
          infiniplex_forest_clump_diagonal, infiniplex_forest_lined_corner,
          infiniplex_forest_split, infiniplex_forest_straight_3,
          patterned_corridor
D:3:      corexii_shack_village, layout_basic, mainiacjoe_overflow_catwalk,
          mainiacjoe_overflow_surrounded_room
D:4:      layout_cave_pools, marbit_many_paths, serial_column_ruins,
          column_ruins_hut, column_ruins_grid_3, column_ruins_corridor_straight,
          column_ruins_corridor_corner, column_ruins_corridor_corner,
          column_ruins_open_large, column_ruins_open_tiny_water, st_stairs_7
D:5:      layout_cave_pools, uniq_sigmund
D:6:      layout_cave_pools, nemelex_spade_bored_becter,
          overflow_temple_1_default, chequers_decorated_corner
D:7:      layout_loops_ring, mainiacjoe_overflow_six_doors_small,
          nicolae_ru_awakened_eye, dancing_weapons_uskayaw,
          mainiacjoe_overflow_alcove_4, uniq_maggie, uniq_joseph, uniq_pikel
D:8:      layout_basic, nicolae_sif_muna_little_library,
          nicolae_ashenzari_skybound, david_lair_generic,
          hellmonk_guarded_unrand_vines
D:9:      layout_basic, lemuel_crystal_altar, nicolae_looking_at_the_future,
          uniq_erolcha, uniq_maurice
D:10:     layout_irregular_city, kennysheep_little_box, hiddenorc1_lemuel,
          hangedman_decor_growths, lightli_corner_chamber, uniq_sonja
D:11:     layout_basic
D:12:     layout_layer_cave, uniq_frances, uniq_fannar
D:13:     four-leaf_vault, layout_basic, skrybe_vaults_entry_preservation,
          hangedman_abyss_or_decor_stagger, uniq_nessos
Lair:1:   layout_gridlike, uniq_erica
Lair:2:   layout_long_grid, nicolae_swamp_entry_spooky,
          guppyfry_snake_entry_garden, hangedman_lair_unloving_vines
Lair:3:   layout_regular_city, serial_bayou_pond_d, cheibrodos_lair_reptile_den
Lair:4:   layout_small_grid, dpeg_oklob_1, grunt_megastairs_4
Lair:5:   minmay_lair_end_enchanted_forest, layout_loops_ring,
          dpeg_slime_entry_corner, wad_woods_river_01, serial_bayou_shore_a,
          infiniplex_staircase_pool
Orc:1:    layout_caves, uniq_snorg
Orc:2:    st_orc_rangers, layout_caves, serial_shops, shop, uniq_donald

Skill      XL: |  1  2  3  4  5  6  7  8  9 10 11 12 13 14 |
---------------+-------------------------------------------+-----
Spellcasting   | 2 3 4 5 7 9 10 | 10.0
Conjurations   | 4 5 6 7 8 10 | 10.0
Translocations | 2 7 8 10 | 10.0
Shields        | 2 9 10 | 10.0
Fighting       | 3 5 9 |  9.2
Armour         | 2 5 9 |  9.0
Transmutations | 2 3 |  3.1
Earth Magic    | 2 3 |  3.2
Polearms       | 8 |  8.9
Dodging        | |  1.7
Stealth        | |  1.7

Action                     |  1- 3 |  4- 6 |  7- 9 | 10-12 | 13-15 || total
---------------------------+-------+-------+-------+-------+-------++-------
  Melee: Unarmed           |       |     2 |       |       |       ||     2
         Dagger            |       |       |     6 |    15 |       ||    21
         Punch             |       |       |       |     1 |       ||     1
         Spear             |       |       |       |   117 |   293 ||   410
   Cast: Magic Dart        |   105 |    77 |   135 |     2 |       ||   319
         Searing Ray       |       |    12 |    38 |    15 |    10 ||    75
         Iskenderun's Myst |       |       |    55 |   366 |   359 ||   780
         Iskenderun's Batt |       |       |       |       |     1 ||     1
  Evoke: Wand              |       |       |       |     8 |    29 ||    37
    Use: Potion            |       |     1 |     1 |     1 |     2 ||     5
         Scroll            |       |       |       |    18 |     5 ||    23
   Stab: Distracted        |       |       |       |       |     1 ||     1
 Armour: Robe              |     5 |       |       |    77 |    92 ||   174
         Ring mail         |    12 |     9 |    34 |       |       ||    55
         Swamp dragon scal |       |       |     7 |    40 |       ||    47
         Scale mail        |       |       |       |       |    24 ||    24
  Dodge: Dodged            |    43 |    20 |    75 |   132 |   256 ||   526
  Block: Kite shield       |       |       |       |   287 |   560 ||   847
         Reflection        |       |       |       |    10 |   123 ||   133
